[Event "Titled Tuesday Blitz November 01 Late 2022"]
[White "Tarigan, Gilbert Elroy"]
[Black "Melikhov, Evgeny V."]
[WhiteFideId "7108133"]
[BlackFideId "4122046"]
[WhiteElo "2284"]
[BlackElo "2169"]
[Result "1/2-1/2"]
[Round "02"]
[TimeControl "180+1"]
[Date "2022.11.02"]
[WhiteClock "0:00:59"]
[BlackClock "0:00:27"]

1. b3 e5 2. Bb2 Nc6 3. e3 a6 4. c4 d5 5. cxd5 Qxd5 6. Nf3 Bg4 7. h3 Bh5 8. Nc3 Qd7 9. Ne4 O-O-O 10. Ng3 Bxf3 11. gxf3 Bb4 12. Bc3 Bxc3 13. dxc3 Qxd1+ 14. Rxd1 Rxd1+ 15. Kxd1 Nge7 16. h4 h5 17. Ne4 f5 18. Ng5 g6 19. Bc4 Rd8+ 20. Kc2 Nd5 21. Rd1 Ndb4+ 22. cxb4 Nxb4+ 23. Kc1 Nxa2+ 24. Kc2 Nb4+ 25. Kc3 Na2+ 26. Kc2 Nb4+ 27. Kc1 Na2+ 28. Kc2 1/2-1/2


[Site "https://www.chess.com"]

[Event "Titled Tuesday Blitz November 01 Late 2022"]
[White "Timmermans, Mark"]
[Black "Santos Flores, Alberto"]
[WhiteFideId "1026399"]
[BlackFideId "3601234"]
[WhiteElo "2774"]
[BlackElo "2539"]
[Result "1-0"]
[Round "02"]
[TimeControl "180+1"]
[Date "2022.11.02"]
[WhiteClock "0:01:00"]
[BlackClock "0:00:07"]

1. b4 e6 2. Bb2 Nf6 3. b5 a6 4. a4 axb5 5. axb5 Rxa1 6. Bxa1 d5 7. e3 Be7 8. c4 O-O 9. Nf3 c6 10. Be2 cxb5 11. cxb5 Nbd7 12. O-O b6 13. d4 Bb7 14. Nbd2 Ne4 15. Nxe4 dxe4 16. Nd2 Qa8 17. Bb2 Rc8 18. Qb1 Bd5 19. Rc1 f5 20. Bc4 Nf6 21. h3 Bxc4 22. Nxc4 Nd5 23. Ne5 Rxc1+ 24. Qxc1 Bd6 25. Qc4 Bxe5 26. dxe5 Kf7 27. g3 Qb7 28. Bd4 Qd7 29. Kg2 Qc7 30. Qa4 Kg6 31. h4 h5 32. Qa8 Qd7 33. Qg8 Ne7 34. Qb8 Nd5 35. Qd6 Qxd6 36. exd6 Kf7 37. Bxg7 Ke8 38. Kf1 Nb4 39. Bd4 Nd5 40. Ke2 Kd7 41. Be5 Nb4 42. f3 Nd3 43. Bd4 Kxd6 44. Bxb6 Kd5 45. Bd4 Nb4 46. g4 fxg4 47. fxg4 hxg4 48. h5 e5 49. h6 exd4 50. exd4 g3 51. h7 g2 52. Kf2 e3+ 53. Kxg2 1-0


[Site "https://www.chess.com"]

[Event "Titled Tuesday Blitz November 01 Late 2022"]
[White "Tomaszewski, Kacper"]
[Black "Bartel, Mateusz"]
[WhiteFideId "1127373"]
[BlackFideId "1112635"]
[WhiteElo "2556"]
[BlackElo "2808"]
[Result "0-1"]
[Round "02"]
[TimeControl "180+1"]
[Date "2022.11.02"]
[WhiteClock "0:00:01"]
[BlackClock "0:00:09"]

1. d4 Nf6 2. c4 g6 3. Nc3 Bg7 4. e4 O-O 5. Be2 c6 6. Be3 d6 7. h3 e5 8. d5 Na6 9. Nf3 cxd5 10. cxd5 Bd7 11. O-O Qa5 12. Nd2 Rfc8 13. Nc4 Qc7 14. a4 Ne8 15. Nb5 Qb8 16. Qb3 Nc5 17. Qc2 f5 18. f3 f4 19. Bf2 Na6 20. Qb3 Bf8 21. Rfc1 Nac7 22. Nc3 Be7 23. Na5 b6 24. Nc6 Bxc6 25. dxc6+ Kg7 26. Bc4 Nf6 27. Be6 Rd8 28. Nb5 g5 29. a5 bxa5 30. Nxc7 Qxc7 31. Qb7 Ne8 32. Bd5 Rdb8 33. Qxc7 Nxc7 34. Rxa5 a6 35. b3 Bd8 36. Ra4 Nxd5 37. exd5 Bc7 38. Rca1 a5 39. Be1 Rb5 40. Bc3 Rxd5 41. b4 Ra6 42. bxa5 Rc5 43. Be1 Rcxc6 44. Bf2 Kf6 45. Kh2 Ke6 46. Bg1 d5 47. Bf2 h5 48. Rb1 Rxa5 49. Rxa5 Bxa5 50. Rb7 Bc7 51. Ra7 e4 52. fxe4 dxe4 53. Ra8 f3+ 54. g3 Rc2 55. Kg1 Rc1+ 56. Kh2 Rc2 57. Kg1 Be5 58. Re8+ Kd5 59. Rd8+ Kc4 60. Be3 Rg2+ 61. Kf1 Rxg3 62. Bf2 Rxh3 0-1


[Site "https://www.chess.com"]

[Event "Titled Tuesday Blitz November 01 Late 2022"]
[White "Urbina Perez, Juan Antonio"]
[Black "Sailer, Mike"]
[WhiteFideId "2217368"]
[BlackFideId "2012901"]
[WhiteElo "2197"]
[BlackElo "2109"]
[Result "1-0"]
[Round "02"]
[TimeControl "180+1"]
[Date "2022.11.02"]
[WhiteClock "0:02:01"]
[BlackClock "0:00:36"]

1. e4 d5 2. exd5 Qxd5 3. Nc3 Qd6 4. d4 Nf6 5. Bc4 c6 6. Nge2 Bf5 7. Bf4 Qd8 8. Qd2 e6 9. O-O-O Nbd7 10. h4 h6 11. f3 Nb6 12. Bb3 Bb4 13. g4 Bh7 14. g5 Nfd5 15. a3 Nxc3 16. Nxc3 Bxc3 17. Qxc3 Nd5 18. Bxd5 Qxd5 19. gxh6 gxh6 20. Be5 Rg8 21. Rhg1 O-O-O 22. b3 Rxg1 23. Rxg1 Rg8 24. Rxg8+ Bxg8 25. Qe3 Bh7 26. Qxh6 Bg6 27. h5 Bf5 28. Qf8+ Qd8 29. Qxf7 b6 30. h6 1-0


[Site "https://www.chess.com"]

[Event "Titled Tuesday Blitz November 01 Late 2022"]
[White "Valdes Romero, Leonardo"]
[Black "Voigt, Martin"]
[WhiteFideId "6500331"]
[BlackFideId "4607228"]
[WhiteElo "2494"]
[BlackElo "2356"]
[Result "1-0"]
[Round "02"]
[TimeControl "180+1"]
[Date "2022.11.02"]
[WhiteClock "0:01:13"]
[BlackClock "0:00:12"]

1. Nf3 d5 2. g3 Nc6 3. d3 e5 4. Bg2 Be6 5. c3 Qd7 6. b4 a6 7. Qc2 Bh3 8. Bxh3 Qxh3 9. Nbd2 Nf6 10. a4 Bd6 11. Bb2 O-O 12. b5 axb5 13. axb5 Rxa1+ 14. Bxa1 Ne7 15. Bb2 Ra8 16. c4 Ng6 17. c5 Bf8 18. Nxe5 Qg2 19. Rf1 Qxh2 20. Ndf3 Qh5 21. d4 Ne4 22. Nd3 Qf5 23. Nfe5 b6 24. c6 h5 25. Qb3 h4 26. gxh4 Nxh4 27. Qxd5 Bb4+ 28. Kd1 Ng2 29. Kc2 Nf6 30. Qxf7+ 1-0


[Site "https://www.chess.com"]

[Event "Titled Tuesday Blitz November 01 Late 2022"]
[White "Veleshnja, Zino"]
[Black "Seo, Jung Min"]
[WhiteFideId "4701313"]
[BlackFideId "1734687"]
[WhiteElo "2167"]
[BlackElo "2455"]
[Result "0-1"]
[Round "02"]
[TimeControl "180+1"]
[Date "2022.11.02"]
[WhiteClock "0:02:14"]
[BlackClock "0:01:38"]

1. d4 Nf6 2. c4 g6 3. Nc3 Bg7 4. e4 d6 5. Be2 O-O 6. Bg5 h6 7. Be3 e5 8. d5 a5 9. h4 h5 10. Bg5 Na6 11. Nf3 Nc5 12. Nh2 Qd7 13. Bxf6 Bxf6 14. g4 Bxh4 15. gxh5 f5 16. Qd2 fxe4 17. O-O-O Qe7 18. Kb1 Rxf2 19. Rdg1 Bf5 20. Ng4 e3+ 0-1


[Site "https://www.chess.com"]

[Event "Titled Tuesday Blitz November 01 Late 2022"]
[White "Velikanov, Alexander"]
[Black "Deac, Bogdan-Daniel"]
[WhiteFideId "2039290"]
[BlackFideId "1226380"]
[WhiteElo "2259"]
[BlackElo "2648"]
[Result "0-1"]
[Round "02"]
[TimeControl "180+1"]
[Date "2022.11.01"]
[WhiteClock "0:00:02"]
[BlackClock "0:00:08"]

1. e4 c6 2. d3 d5 3. Nd2 Qc7 4. Ngf3 Bg4 5. h3 Bh5 6. Be2 e6 7. O-O Nf6 8. b3 Bg6 9. Bb2 Be7 10. Ne5 O-O 11. Kh1 Rd8 12. Nxg6 hxg6 13. e5 Nfd7 14. f4 c5 15. c4 Nb6 16. Qe1 Nc6 17. cxd5 Rxd5 18. Ne4 Rad8 19. Rc1 Nd4 20. Bxd4 Rxd4 21. b4 c4 22. Ng3 Nd5 23. Rxc4 Rxc4 24. dxc4 Ne3 25. Rf3 Nc2 26. Qf2 Nd4 27. Rd3 Nxe2 28. Qxe2 Bxb4 29. Ne4 Be7 30. Qd1 Rxd3 31. Qxd3 Qc6 32. Nd6 b6 33. Nb5 a6 34. Nd6 Kf8 35. Kg1 Qc5+ 36. Kf1 Kg8 37. Ne4 Qc6 38. Ke2 Qa4 39. Nc3 Qb4 40. Kf3 Qb2 41. Kg3 Qa3 42. Kf3 g5 43. f5 exf5 44. g3 g6 45. Ke2 Qb2+ 46. Kf3 Kg7 47. Ke3 Qg2 48. Ne2 Qxh3 49. Qd7 f4+ 0-1


[Site "https://www.chess.com"]

[Event "Titled Tuesday Blitz November 01 Late 2022"]
[White "Vifleemskaia, Svetlana"]
[Black "Barria Zuniga, Daniel"]
[WhiteFideId "4129490"]
[BlackFideId "3400816"]
[WhiteElo "1929"]
[BlackElo "2414"]
[Result "0-1"]
[Round "02"]
[TimeControl "180+1"]
[Date "2022.11.02"]
[WhiteClock "0:00:02"]
[BlackClock "0:00:52"]

1. d4 g6 2. c4 Bg7 3. e4 c5 4. d5 d6 5. Nc3 e6 6. Nf3 exd5 7. cxd5 a6 8. a4 Ne7 9. h3 O-O 10. Bd3 f5 11. O-O f4 12. Re1 Nd7 13. Ng5 Ne5 14. Ne6 Bxe6 15. dxe6 f3 16. Bf1 N7c6 17. Nd5 Qh4 18. Be3 Rae8 19. e7 Rf7 20. Nc7 Rexe7 21. Nd5 Re8 22. Nc3 g5 23. Qxd6 g4 24. Qxc5 fxg2 25. Bxg2 Nf3+ 26. Bxf3 gxf3 27. Qg5 Qxh3 28. Qg3 Qh5 29. Qg5 Qxg5+ 30. Bxg5 Re6 31. Be3 Rg6+ 32. Kf1 Ne5 33. Red1 Ng4 34. Rd8+ Bf8 35. Bc5 Nh2+ 0-1


[Site "https://www.chess.com"]

[Event "Titled Tuesday Blitz November 01 Late 2022"]
[White "Vlassov, Nikolai"]
[Black "Babazada, Khazar"]
[WhiteFideId "4103360"]
[BlackFideId "13413554"]
[WhiteElo "2589"]
[BlackElo "2843"]
[Result "1-0"]
[Round "02"]
[TimeControl "180+1"]
[Date "2022.11.02"]
[WhiteClock "0:00:59"]
[BlackClock "0:00:13"]

1. e4 e6 2. c4 d5 3. cxd5 exd5 4. Qb3 Nf6 5. e5 Ne4 6. d4 Nc6 7. Bb5 Be7 8. Ne2 O-O 9. f3 Ng5 10. O-O Ne6 11. Bxc6 bxc6 12. Be3 f6 13. Nbc3 fxe5 14. dxe5 Kh8 15. Rad1 Qe8 16. f4 Qg6 17. Ng3 Qg4 18. Nce2 Ba6 19. h3 Qh4 20. f5 Ng5 21. Rf4 Qh6 22. Nd4 c5 23. f6 cxd4 24. Nf5 Qh5 25. fxg7+ Kg8 26. gxf8=Q+ Bxf8 27. Qxd5+ Kh8 28. Qxa8 Nxh3+ 29. gxh3 Qxd1+ 30. Kh2 1-0


[Site "https://www.chess.com"]

[Event "Titled Tuesday Blitz November 01 Late 2022"]
[White "Vusatiuk, Vladimir"]
[Black "Azarov, Sergei"]
[WhiteFideId "14118610"]
[BlackFideId "13501470"]
[WhiteElo "2528"]
[BlackElo "2773"]
[Result "1-0"]
[Round "02"]
[TimeControl "180+1"]
[Date "2022.11.02"]
[WhiteClock "0:00:07"]
[BlackClock "0:00:01"]

1. Nf3 Nf6 2. c4 e6 3. g3 d5 4. b3 d4 5. Bb2 c5 6. e3 Nc6 7. a3 e5 8. d3 dxe3 9. fxe3 e4 10. Ng5 Bg4 11. Qc2 Bd6 12. Nc3 Ne5 13. Ncxe4 h6 14. Nxf6+ Qxf6 15. Ne4 Qg6 16. Be2 O-O 17. O-O-O Bxe2 18. Qxe2 Rad8 19. Nxd6 Qxd6 20. d4 Nc6 21. Kb1 Rfe8 22. Qd2 Qg6+ 23. Ka2 a5 24. Rhe1 Qe4 25. d5 Ne5 26. Qxa5 Nd3 27. Qc3 Ne5 28. Qa5 Nd3 29. Rxd3 Qxd3 30. Qxc5 Qe4 31. Qd4 Qg6 32. b4 Re4 33. Qc3 Rde8 34. Kb3 f6 35. Bc1 Qf7 36. Bd2 b5 37. cxb5 Qxd5+ 38. Kb2 Rc4 39. e4 Qxb5 40. Qb3 Kh8 41. e5 Rxe5 42. Rxe5 Qxe5+ 43. Bc3 Qd5 44. a4 Qg2+ 45. Ka3 Qd5 46. b5 Qd3 47. Kb2 Qe2+ 48. Ka3 Qd3 49. Kb2 Qd5 50. b6 1-0


[Site "https://www.chess.com"]

[Event "Titled Tuesday Blitz November 01 Late 2022"]
[White "Wartiovaara, Oliver"]
[Black "Danielyan, Vahe"]
[WhiteFideId "513024"]
[BlackFideId "13304828"]
[WhiteElo "2197"]
[BlackElo "2421"]
[Result "0-1"]
[Round "02"]
[TimeControl "180+1"]
[Date "2022.11.02"]
[WhiteClock "0:00:01"]
[BlackClock "0:01:26"]

1. e4 c6 2. d4 d5 3. f3 Nd7 4. Nc3 e5 5. Nge2 Bb4 6. a3 Bxc3+ 7. Nxc3 Ngf6 8. exd5 cxd5 9. dxe5 Nxe5 10. Bb5+ Nc6 11. O-O O-O 12. Kh1 Be6 13. Bg5 h6 14. Bh4 Rc8 15. Ne2 Ne5 16. Nd4 Ng6 17. Bf2 a6 18. Bd3 Nf4 19. Re1 Re8 20. Bg3 Nxd3 21. Qxd3 Qb6 22. b3 Bd7 23. Be5 Nh7 24. Rad1 Nf8 25. Nf5 Bxf5 26. Qxf5 Ng6 27. Bd4 Qxd4 28. Qxc8 Rxc8 29. Rxd4 Rxc2 30. Rxd5 Nf4 31. Rd8+ Kh7 32. g3 Nh3 33. Rd7 Nf2+ 34. Kg1 Nh3+ 35. Kh1 Nf2+ 36. Kg2 Nd3+ 37. Kf1 Nxe1 38. Kxe1 Rxh2 39. Rxf7 b5 40. Ra7 Rb2 41. b4 Rb3 42. Rxa6 Rxf3 43. g4 Rg3 44. Rb6 Rxa3 45. Rxb5 Rg3 46. g5 h5 47. Kf2 Rb3 48. Rb6 h4 49. Kg2 Rg3+ 50. Kh2 Rb3 51. b5 Rg3 52. Rb8 Kg6 53. b6 Rb3 54. b7 Kxg5 55. Kg2 g6 56. Kh2 Rb4 57. Kg2 Rb3 58. Kh2 Rb2+ 59. Kg1 Rb6 60. Kh2 Kg4 61. Kg2 Rb2+ 62. Kg1 g5 63. Kf1 Rb1+ 64. Ke2 h3 65. Kd3 Kg3 66. Rg8 g4 67. b8=Q+ Rxb8 68. Rxb8 h2 69. Rh8 Kg2 0-1


[Site "https://www.chess.com"]

[Event "Titled Tuesday Blitz November 01 Late 2022"]
[White "Weetik, Vjacheslav"]
[Black "Fishchuk, Vladyslav"]
[WhiteFideId "4153472"]
[BlackFideId "34122117"]
[WhiteElo "2469"]
[BlackElo "2054"]
[Result "1-0"]
[Round "02"]
[TimeControl "180+1"]
[Date "2022.11.02"]
[WhiteClock "0:00:04"]
[BlackClock "0:00:57"]

1. d4 Nf6 2. c4 e6 3. g3 d5 4. Nf3 dxc4 5. Bg2 c5 6. O-O Nc6 7. Qa4 Bd7 8. Qxc4 b5 9. Qd3 c4 10. Qd1 Rc8 11. Nc3 a6 12. e4 b4 13. e5 bxc3 14. exf6 cxb2 15. Bxb2 Qxf6 16. Rb1 Nb4 17. Ne5 Bb5 18. Ba3 Nd5 19. Bxf8 Kxf8 20. Bxd5 exd5 21. Rxb5 Qd6 22. Rb7 h5 23. Rxf7+ Kg8 24. Qf3 c3 25. Qf5 Re8 26. Rc1 h4 27. Rxc3 hxg3 28. Rxg3 Qh6 29. Rfxg7+ Qxg7 30. Qf7+ Kh7 31. Qxg7# 1-0


[Site "https://www.chess.com"]

[Event "Titled Tuesday Blitz November 01 Late 2022"]
[White "Wieczorek, Zbigniew"]
[Black "Novik, Maxim"]
[WhiteFideId "1102001"]
[BlackFideId "4102924"]
[WhiteElo "2271"]
[BlackElo "2312"]
[Result "0-1"]
[Round "02"]
[TimeControl "180+1"]
[Date "2022.11.02"]
[WhiteClock "0:00:05"]
[BlackClock "0:01:37"]

1. d4 Nf6 2. c4 g6 3. Nc3 d5 4. cxd5 Nxd5 5. Bd2 Bg7 6. e4 Nxc3 7. Bxc3 c5 8. d5 Bxc3+ 9. bxc3 e6 10. Nf3 exd5 11. exd5 O-O 12. Be2 Qf6 13. O-O Qxc3 14. Rc1 Qa5 15. Ne5 Nd7 16. Ng4 h5 17. Ne3 Nf6 18. Qc2 Bd7 19. Qxc5 Qxc5 20. Rxc5 Rfc8 21. Rfc1 Rxc5 22. Rxc5 Rc8 23. Rxc8+ Bxc8 24. h3 Kf8 25. Kf1 Ke7 26. Bf3 Kd6 27. Ke2 b5 28. Kd3 Kc5 29. a3 Bb7 30. g4 hxg4 31. hxg4 Nxd5 32. Bxd5 Bxd5 33. g5 a5 34. Ng4 b4 35. axb4+ Kxb4 36. Kc2 a4 37. Kb2 a3+ 38. Ka1 Kc3 39. Ne3 Bb3 40. f4 Kd3 41. Ng2 Ke4 42. Kb1 Kf3 0-1


[Site "https://www.chess.com"]

[Event "Titled Tuesday Blitz November 01 Late 2022"]
[White "Winkels, Marcel"]
[Black "Maksimovic, Bojan"]
[WhiteFideId "1003887"]
[BlackFideId "14408120"]
[WhiteElo "1900"]
[BlackElo "2447"]
[Result "0-1"]
[Round "02"]
[TimeControl "180+1"]
[Date "2022.11.02"]
[WhiteClock "0:00:02"]
[BlackClock "0:00:02"]

1. e4 g6 2. d4 Bg7 3. Nc3 d6 4. Be3 a6 5. Qd2 b5 6. a3 Bb7 7. f4 Nd7 8. e5 Nh6 9. Nf3 Nb6 10. Be2 O-O 11. O-O Qd7 12. h3 Nd5 13. Nxd5 Bxd5 14. g4 f5 15. g5 Nf7 16. Rfd1 Qc6 17. Kf2 Be4 18. Rac1 Qb7 19. c4 bxc4 20. Rxc4 Rfb8 21. b4 c6 22. Rdc1 Nd8 23. Ne1 a5 24. bxa5 Qb2 25. Qxb2 Rxb2 26. Rb4 Ra2 27. a6 Rxa3 28. Bd2 Rxh3 29. Nf3 Ne6 30. Ra1 c5 31. Rb7 Kf7 32. Rd7 cxd4 33. a7 d3 34. Bd1 dxe5 35. fxe5 Bxf3 36. Bxf3 Bxe5 37. Bxa8 Bxa1 38. Bg2 Rh4 0-1


[Site "https://www.chess.com"]

[Event "Titled Tuesday Blitz November 01 Late 2022"]
[White "Winterberg, Lukas"]
[Black "Kilic, Eray"]
[WhiteFideId "24622702"]
[BlackFideId "44517173"]
[WhiteElo "2493"]
[BlackElo "2768"]
[Result "0-1"]
[Round "02"]
[TimeControl "180+1"]
[Date "2022.11.02"]
[WhiteClock "0:00:38"]
[BlackClock "0:02:02"]

1. c4 e5 2. g3 Nc6 3. Bg2 g6 4. Nc3 Bg7 5. e3 Nge7 6. Nge2 O-O 7. O-O d6 8. d3 Be6 9. Rb1 d5 10. cxd5 Nxd5 11. a3 Re8 12. Qc2 Qd7 13. b4 Nxc3 14. Nxc3 Rad8 15. Rd1 Bh3 16. Ne4 Bxg2 17. Kxg2 Qd5 18. f3 f5 19. Nc5 b6 20. Na6 Re7 21. b5 Na5 22. Nxc7 Qf7 23. Na6 Rf8 24. a4 Qe6 25. Ba3 Rc8 26. Qd2 Rd7 27. Rdc1 Rcd8 28. Rc3 e4 29. d4 exf3+ 30. Kf2 Nc4 31. Qa2 Rxd4 32. Nc7 Rd2+ 33. Kf1 Nxe3+ 0-1


[Site "https://www.chess.com"]

[Event "Titled Tuesday Blitz November 01 Late 2022"]
[White "Yi, Richard"]
[Black "Melkumyan, Hrant"]
[WhiteFideId "2079518"]
[BlackFideId "13302485"]
[WhiteElo "2147"]
[BlackElo "2604"]
[Result "0-1"]
[Round "02"]
[TimeControl "180+1"]
[Date "2022.11.01"]
[WhiteClock "0:00:02"]
[BlackClock "0:00:27"]

1. d4 Nf6 2. c4 g6 3. Nc3 Bg7 4. e4 d6 5. f3 O-O 6. Bg5 a6 7. Qd2 c5 8. d5 e6 9. a4 exd5 10. cxd5 Qc7 11. Nge2 Nbd7 12. Ng3 h5 13. Be2 c4 14. O-O Nc5 15. Bxc4 Nh7 16. Bh6 h4 17. Bxg7 Kxg7 18. Nge2 Nd7 19. Ba2 Ne5 20. Rac1 Qb6+ 21. Kh1 Bd7 22. f4 Ng4 23. h3 Ngf6 24. e5 Nh5 25. Ne4 dxe5 26. fxe5 Rad8 27. Nd6 Bxa4 28. Nc4 Qa7 29. Qc3 Rxd5 30. e6+ N7f6 31. Nb6 Qxb6 32. Bxd5 fxe6 33. Qc7+ Qxc7 34. Rxc7+ Rf7 35. Rxf7+ Kxf7 36. Bxb7 Bb5 37. Ra1 Bxe2 38. Bxa6 Bxa6 39. Rxa6 Nd5 40. Kg1 Nhf4 41. Ra7+ Kf6 42. Rb7 Nd3 43. b3 g5 44. Kf1 Nc5 45. Rb8 Nd3 46. Ke2 N5f4+ 47. Kf3 Ne5+ 48. Kf2 Ned3+ 49. Kf3 e5 50. g3 e4+ 51. Kg4 Ne5# 0-1


[Site "https://www.chess.com"]

[Event "Titled Tuesday Blitz November 01 Late 2022"]
[White "Zanette, Edgard Vinicius"]
[Black "Salman, Pavel"]
[WhiteFideId "2109263"]
[BlackFideId "24153753"]
[WhiteElo "2236"]
[BlackElo "2187"]
[Result "0-1"]
[Round "02"]
[TimeControl "180+1"]
[Date "2022.11.02"]
[WhiteClock "0:01:17"]
[BlackClock "0:01:34"]

1. e4 d6 2. d4 Nf6 3. Nc3 g6 4. f3 Bg7 5. Be3 O-O 6. Qd2 c5 7. dxc5 Qa5 8. Nd5 Qxd2+ 9. Bxd2 Nxd5 10. exd5 dxc5 11. O-O-O Nd7 12. c4 Nb6 13. Bd3 Rd8 14. Kc2 e6 15. dxe6 Bxe6 16. b3 a5 17. Bg5 Rd7 18. Ne2 a4 19. Be4 axb3+ 20. axb3 Ra2+ 21. Kc1 Rxe2 22. Rxd7 Nxd7 23. Bxb7 Rxg2 24. Be7 Bb2+ 25. Kd1 Bc3 26. f4 Bg4+ 27. Kc1 Ra2 28. Bc6 Bf5 29. Kd1 Bc2+ 30. Ke2 Be4+ 0-1


[Site "https://www.chess.com"]

[Event "Titled Tuesday Blitz November 01 Late 2022"]
[White "Zhigalko, Sergei"]
[Black "Daeschler, Florian"]
[WhiteFideId "13502956"]
[BlackFideId "20678193"]
[WhiteElo "2662"]
[BlackElo "2187"]
[Result "1-0"]
[Round "02"]
[TimeControl "180+1"]
[Date "2022.11.02"]
[WhiteClock "0:00:15"]
[BlackClock "0:00:07"]

1. e4 c5 2. c3 Nf6 3. e5 Nd5 4. Nf3 d6 5. Bc4 Nb6 6. Bb3 Nc6 7. exd6 Qxd6 8. O-O c4 9. Bc2 e5 10. b3 Be7 11. Na3 Be6 12. Qe2 cxb3 13. axb3 O-O 14. Re1 Bf6 15. Nc4 Nxc4 16. bxc4 Rfe8 17. Be4 Qc7 18. d3 a6 19. Rb1 Rab8 20. Bg5 Be7 21. Bxe7 Rxe7 22. Ng5 g6 23. Qf3 f5 24. Bxc6 bxc6 25. Rxb8+ Qxb8 26. Qxc6 Bc8 27. Qf6 Qc7 28. h4 Bb7 29. d4 e4 30. c5 Bc6 31. c4 h6 32. Qxg6+ Rg7 33. Qe6+ Kh8 34. Qxh6+ Kg8 35. Qe6+ Kh8 36. d5 Bd7 37. Qh6+ Kg8 38. c6 Bc8 39. Ne6 Bxe6 40. Qxe6+ Kh8 41. Qxf5 a5 42. Qh5+ Kg8 43. Qe8+ Kh7 44. Qxe4+ Kh8 45. Qe8+ Rg8 46. Qe5+ Kh7 47. Qxc7+ 1-0


[Site "https://www.chess.com"]

[Event "Titled Tuesday Blitz November 01 Late 2022"]
[White "Zierk, Steven"]
[Black "Ambartsumova, Karina"]
[WhiteFideId "2034255"]
[BlackFideId "4166299"]
[WhiteElo "2494"]
[BlackElo "2299"]
[Result "1-0"]
[Round "02"]
[TimeControl "180+1"]
[Date "2022.11.01"]
[WhiteClock "0:00:27"]
[BlackClock "0:00:07"]

1. d4 Nf6 2. c4 g6 3. Nc3 Bg7 4. e4 O-O 5. Nf3 d6 6. Be2 e5 7. Be3 Ng4 8. Bg5 f6 9. Bc1 Nc6 10. O-O Nh6 11. d5 Ne7 12. b4 a5 13. bxa5 Rxa5 14. Nd2 f5 15. Nb3 Ra8 16. f3 f4 17. c5 g5 18. cxd6 cxd6 19. a4 Ng6 20. Nb5 Nf7 21. a5 h5 22. Ba3 Nh4 23. Rc1 g4 24. fxg4 hxg4 25. Bxg4 Qg5 26. Rxc8 Raxc8 27. Nxd6 Nxd6 28. Bxd6 Rfd8 29. Bc5 Bf8 30. Bb6 Re8 31. g3 fxg3 32. hxg3 Rc3 33. Kh2 Rxb3 34. Qxb3 Qxg4 35. gxh4 Qxh4+ 36. Qh3 Qxh3+ 37. Kxh3 Rc8 38. Kg4 Rc4 39. Kf5 Bd6 40. Ke6 Bc5 41. Bxc5 Rxc5 42. d6 Rxa5 43. d7 Ra8 44. Rc1 b5 45. Rc8+ Kg7 46. Rxa8 b4 47. d8=Q 1-0


[Site "https://www.chess.com"]

[Event "Titled Tuesday Blitz November 01 Late 2022"]
[White "Zivkovic, Nemanja"]
[Black "Plat, Vojtech"]
[WhiteFideId "942154"]
[BlackFideId "325740"]
[WhiteElo "2594"]
[BlackElo "2852"]
[Result "1-0"]
[Round "02"]
[TimeControl "180+1"]
[Date "2022.11.02"]
[WhiteClock "0:00:07"]
[BlackClock "0:00:08"]

1. e4 d6 2. d4 Nf6 3. Nc3 e5 4. Nf3 Nbd7 5. Bc4 Be7 6. O-O O-O 7. Re1 a5 8. a4 c6 9. h3 Nb6 10. Bb3 Nfd7 11. Be3 exd4 12. Nxd4 Nc5 13. Qf3 Bf6 14. Rad1 Nxb3 15. cxb3 Be5 16. Qh5 g6 17. Qe2 Bg7 18. Qd2 d5 19. Bg5 Qd6 20. exd5 Nxd5 21. Nxd5 Qxd5 22. Bh6 Qh5 23. Bxg7 Kxg7 24. Qe3 Kg8 25. Qc3 Qg5 26. Re3 Rd8 27. Rde1 Bf5 28. Re5 Qf4 29. Nxf5 gxf5 30. R5e3 Rd4 31. Rg3+ Kf8 32. Qc5+ Rd6 33. Rf3 Qd2 34. Re5 Qd4 35. Rexf5 Qxc5 36. Rxc5 Ra6 37. Rcf5 Rd7 38. g4 Rb6 39. Rxa5 Rb4 40. Raf5 Kg7 41. Kg2 Rbd4 42. Kg3 h6 43. R5f4 Rd2 44. Rb4 Rxb2 45. h4 Rbd2 46. Rbf4 R2d3 47. Rxd3 Rxd3+ 48. Rf3 Rd4 49. Re3 Kf6 50. f3 Rb4 51. h5 Kg5 52. Rd3 Kf6 53. Re3 Kg5 54. f4+ Kf6 55. Rd3 Ke6 56. Kf3 f6 57. Re3+ Kf7 58. Rd3 b6 59. Ke3 c5 60. Rc3 Ke6 61. Kf3 Kd5 62. Rd3+ Ke6 63. Kg3 f5 64. gxf5+ Kxf5 65. Rd5+ Ke6 66. Re5+ Kf6 67. Re3 c4 68. bxc4 Rxc4 69. Rb3 Rxa4 70. Rb5 Kg7 71. Rxb6 Ra1 72. Kg4 Ra5 73. Rg6+ Kh7 74. Re6 Kg7 75. Re5 Ra1 76. Kf5 Ra7 77. Rd5 Rf7+ 78. Ke5 Re7+ 79. Kf5 Rf7+ 80. Kg4 Re7 81. Rd6 Ra7 82. Rg6+ Kh7 83. Rd6 Rg7+ 84. Kf5 Rf7+ 85. Rf6 Ra7 86. Re6 Rf7+ 87. Ke5 Kg7 88. f5 Ra7 89. Rg6+ Kh7 90. Rd6 Kg7 91. Ke6 Ra1 92. Rd7+ Kf8 93. f6 Ra6+ 94. Kf5 Ra1 95. Kg6 Rg1+ 96. Kxh6 Rf1 97. Kg6 Rg1+ 98. Kh7 Rf1 99. Rd6 Kf7 100. h6 Rxf6 101. Rxf6+ 1-0


[Site "https://www.chess.com"]

[Event "Titled Tuesday Blitz November 01 Late 2022"]
[White "chess50years"]
[Black "Boidiya, Sidi"]
[BlackFideId "19600100"]
[WhiteElo "1998"]
[BlackElo "2113"]
[Result "1-0"]
[Round "02"]
[TimeControl "180+1"]
[Date "2022.11.02"]
[WhiteClock "0:00:10"]
[BlackClock "0:00:52"]

1. d4 d5 2. c4 e5 3. e3 exd4 4. exd4 Nf6 5. Nf3 Be7 6. Bd3 dxc4 7. Bxc4 O-O 8. h3 Bb4+ 9. Nc3 Re8+ 10. Be2 Qe7 11. Bg5 Nbd7 12. Qc2 h6 13. Bh4 Qe6 14. Rd1 c6 15. Rd2 Ne4 16. Nxe4 Qxe4 17. Qxe4 Rxe4 18. Bg3 Nf6 19. a3 Bxd2+ 20. Kxd2 Bf5 21. Bd3 Rae8 22. Bxe4 Nxe4+ 23. Kd1 Nxg3 24. fxg3 Be4 25. Re1 Kf8 26. Kd2 Bxf3 27. Rxe8+ Kxe8 28. gxf3 Kd7 29. Ke3 Ke6 30. Ke4 f5+ 31. Ke3 g5 32. g4 fxg4 33. fxg4 Kd5 34. Kd3 a5 35. b3 b5 36. Ke3 a4 37. bxa4 bxa4 38. Kd3 c5 39. dxc5 Kxc5 40. Kc3 Kb5 41. Kd4 Kc6 42. Kc4 Kd6 43. Kb4 Kd5 44. Kxa4 Ke4 45. Kb5 Kf3 46. a4 Kg3 47. a5 Kxh3 48. a6 Kxg4 49. a7 h5 50. a8=Q h4 51. Qg2+ Kh5 52. Kc4 g4 53. Kd5 Kg5 54. Ke5 g3 55. Qh3 Kh5 56. Kf4 Kg6 57. Qxh4 g2 58. Qg3+ Kf6 59. Qxg2 1-0


[Site "https://www.chess.com"]

[Event "Titled Tuesday Blitz November 01 Late 2022"]
[White "Aggelis, Nikolaos"]
[Black "Ismayil, Malak"]
[WhiteFideId "4213220"]
[BlackFideId "13412604"]
[WhiteElo "2187"]
[BlackElo "1879"]
[Result "1/2-1/2"]
[Round "03"]
[TimeControl "180+1"]
[Date "2022.11.02"]
[WhiteClock "0:00:51"]
[BlackClock "0:00:05"]

1. d4 Nf6 2. Nf3 g6 3. g3 Bg7 4. Bg2 O-O 5. O-O d6 6. Nc3 Nc6 7. e4 e5 8. dxe5 dxe5 9. Bg5 Be6 10. Bxf6 Bxf6 11. Nd5 Bxd5 12. exd5 Nd4 13. c3 Nxf3+ 14. Bxf3 Qd6 15. Qb3 b6 16. a4 a5 17. Qb5 Bg7 18. Qc6 f5 19. Qxd6 cxd6 20. Be2 Rfe8 21. Bb5 Re7 22. Bc6 Rb8 23. f3 Kf7 24. Rfe1 g5 25. Kg2 h5 26. Rab1 g4 27. fxg4 hxg4 28. b4 axb4 29. cxb4 f4 30. gxf4 exf4 31. Rxe7+ Kxe7 32. a5 bxa5 33. Re1+ Be5 34. bxa5 Rb2+ 35. Kg1 Ra2 36. Rb1 f3 37. Bb5 Bxh2+ 38. Kh1 Be5 39. Rd1 g3 40. Kg1 Rxa5 41. Bf1 Ra2 42. Rd3 Rh2 43. Bh3 f2+ 44. Kf1 Rxh3 45. Rf3 Rh1+ 46. Ke2 Re1+ 47. Kd3 f1=Q+ 48. Rxf1 Rxf1 49. Ke4 g2 50. Kd3 Rf3+ 51. Ke4 Rf4+ 52. Kd3 g1=Q 53. Kc2 Qe3 54. Kb1 Rf2 1/2-1/2


[Site "https://www.chess.com"]